 Dungeon Crawl Stone Soup version 0.28-a0-114-g2bf3c13a2f (webtiles) character file.

Game seed: 18180918312367036244

501 horus123 the Ducker (level 6, 0/36 HPs)
             Began as a Deep Elf Gladiator on Aug 12, 2021.
             Was an Initiate of Okawaru.
             Slain by a water moccasin zombie (6 damage)
             ... on level 5 of the Dungeon.
             The game lasted 00:08:43 (3643 turns).

horus123 the Ducker (Deep Elf Gladiator)            Turns: 3643, Time: 00:08:44

Health: 0/36       AC:  6    Str: 11    XL:     6   Next: 95%
Magic:  8/8        EV: 13    Int: 13    God:    Okawaru [......]
Gold:   89         SH:  0    Dex: 18    Spells: 5/5 levels left

rFire   . . .      SeeInvis .   f - +5 long sword
rCold   . . .      Faith    .   (no shield)
rNeg    . . .      Spirit   .   m - +0 ring mail
rPois   .          Reflect  .   c - +0 helmet
rElec   .          Harm     .   b - scarf {shadows}
rCorr   .          Rampage  .   (no gloves)
Will    .....                   (no boots)
Stlth   ++........              (no amulet)
HPRegen 0.12/turn               (no ring)
MPRegen 0.11/turn               (no ring)

@: no status effects
A: no striking features
a: Renounce Religion


You were on level 5 of the Dungeon.
You worshipped Okawaru.
Okawaru was noncommittal.
You visited 1 branch of the dungeon, and saw 5 of its levels.

You collected 144 gold pieces.
You spent 55 gold pieces at shops.

Inventory:

Hand Weapons
 a - a +0 rapier
 f - a +5 long sword (weapon)
Missiles
 d - 3 throwing nets (quivered)
Armour
 b - a scarf of shadows (worn)
 c - a +0 helmet (worn)
 h - a +0 scale mail
 i - a +0 cloak
 m - a +0 ring mail (worn)
 n - a +0 pair of boots
Magical Staves
 e - a staff of air
Wands
 j - a wand of polymorph (7)
Scrolls
 l - a scroll of fear
 o - a scroll of identify
Potions
 g - a potion of magic {unknown}
 k - 2 potions of mutation {unknown}


   Skills:
 + Level 2.5 Fighting
 - Level 3.3(4.4) Short Blades
 * Level 4.1(4.6) Long Blades
 + Level 2.1 Throwing
 + Level 1.2 Armour
 * Level 5.5 Dodging
 * Level 2.8 Stealth


You had 5 spell levels left.
You didn't know any spells.
Your spell library contained the following spells:

 Spells                   Type           Power      Damage    Failure   Level
 Ozocubu's Armour         Ice            0%         N/A       91%         3
 Metabolic Englaciation   Hex/Ice        0%         N/A       100%        5
 Simulacrum               Ice/Necr       0%         N/A       100%        6


Dungeon Overview and Level Annotations

Branches:
Dungeon (4/15)
 Temple: D:4-7

Altars:
Cheibriados
Nemelex Xobeh
Okawaru
Sif Muna
Trog
Yredelemnul
The Shining One

Shops:
D:5 !


Message History

* * * LOW HITPOINT WARNING * * *
You see here a scroll of identify.
o - a scroll of identify A water moccasin zombie comes into view.
The scorpion closely misses you.
You closely miss the scorpion.
The scorpion is moderately wounded.
The scorpion barely misses you.
You barely miss the scorpion.
The scorpion is moderately wounded.
The scorpion barely misses you.
You riposte.
You hit the scorpion but do no damage.
The scorpion is moderately wounded.
The scorpion barely misses you.
You riposte.
You hit the scorpion.
The scorpion is heavily wounded.
You hit the scorpion but do no damage.
The scorpion is heavily wounded.
The scorpion stings you.
* * * LOW HITPOINT WARNING * * *
You hit the scorpion.
The scorpion is severely wounded.
The scorpion stings you but does no damage.
The water moccasin zombie bites you but does no damage.
You hit the scorpion but do no damage.
The scorpion is severely wounded.
The scorpion stings you.
* * * LOW HITPOINT WARNING * * *
The water moccasin zombie barely misses you.
The scorpion stings you but does no damage.
You hit the scorpion but do no damage.
The scorpion is severely wounded.
The water moccasin zombie misses you.
You riposte.
You hit the water moccasin zombie.
The water moccasin zombie is lightly damaged.
The scorpion closely misses you.
You hit the scorpion.
You kill the scorpion!
Okawaru accepts your kill. The water moccasin zombie bites you.
You die...

........ #...........#.
.##.....
##................# .#
....#.##.#####......#.#.##
.. ...## .......s..##.#..#
# ..# . #.....#....s..#
...#...###.#####.# #....
........##.# #.#.####....
#..........# #...........
........@#.# #...........
........Z#.##.###.......#
....##..... ## ........#
##.. ###...# ......ยง.. ..
...... ......... #......
#.......) #......
#......#. #..<...#.
#........


You could see a water moccasin zombie.

Vanquished Creatures
  An ogre (D:5)
  A phantom (D:5)
  A scorpion (D:5)
  A centaur zombie (D:5)
  A jelly (D:4)
  Ijyb (D:5)
  Jessica (D:3)
  An iguana (D:4)
  4 gnolls (D:2)
  6 adders
  A worm (D:2)
  4 dart slugs
  An orc (D:2)
  A ball python (D:1)
  6 bats
  4 endoplasms
  3 giant cockroaches (D:2)
  14 goblins
  9 hobgoblins
  12 jackals
  4 quokkas
  2 frilled lizards
  7 kobolds
  5 rats
91 creatures vanquished.

Notes
Turn   | Place    | Note
-------+----------+-------------------------------------------
     0 | D:1      | horus123 the Deep Elf Gladiator began the quest for the
                  | Orb.
     0 | D:1      | Reached XP level 1. HP: 12/12 MP: 3/3
    96 | D:1      | Reached XP level 2. HP: 6/16 MP: 4/4
   300 | D:1      | Reached skill level 4 in Dodging
   432 | D:1      | Found a faded altar of an unknown god.
   756 | D:1      | Reached skill level 1 in Stealth
   939 | D:2      | Reached XP level 3. HP: 20/20 MP: 5/5
  1493 | D:2      | Reached skill level 1 in Long Blades
  1493 | D:2      | Reached XP level 4. HP: 20/26 MP: 6/6
  2320 | D:3      | Reached XP level 5. HP: 30/30 MP: 7/7
  2409 | D:3      | Noticed Jessica
  2412 | D:3      | Killed Jessica
  3042 | D:4      | Reached skill level 1 in Armour
  3141 | D:4      | Found a bloodstained altar of Trog.
  3175 | D:4      | Reached skill level 5 in Dodging
  3243 | D:4      | Reached XP level 6. HP: 6/36 MP: 8/8
  3538 | D:4      | You fall into a shaft and drop 1 floor!
  3538 | D:5      | Entered Level 5 of the Dungeon
  3543 | D:5      | Found a basalt altar of Yredelemnul.
  3543 | D:5      | Found a shimmering blue altar of Sif Muna.
  3544 | D:5      | Found an iron altar of Okawaru.
  3545 | D:5      | Found a glowing golden altar of the Shining One.
  3545 | D:5      | Found a snail-covered altar of Cheibriados.
  3545 | D:5      | Found a sparkling altar of Nemelex Xobeh.
  3565 | D:5      | Became a worshipper of Warmaster Okawaru
  3584 | D:5      | Found Raecot's Distillery.
  3587 | D:5      | Bought a potion of heal wounds for 55 gold pieces
  3587 | D:5      | Noticed Ijyb
  3599 | D:5      | Killed Ijyb
  3643 | D:5      | Slain by a water moccasin zombie

Illustrated notes

Levels and vault maps discovered:
D:1:      saegor_arrival_simple_c, layout_basic, ebering_ecumenical_altar_box
D:2:      layout_basic
D:3:      kennysheep_the_goblin_king, layout_rooms,
          chequers_serial_rivers_room_a, dk_noncrumbling_4, uniq_jessica
D:4:      layout_cave_pods, nicolae_overflow_crystal_walls,
          minmay_temple_entry_offerings, minmay_shop_grid_forest
D:5:      layout_cave_pools, mainiacjoe_overflow_concentric_impassable,
          grunt_temple_overflow_open, portal_sewer_entry_d, serial_shops, shop,
          kennysheep_mini_moat, chequers_serial_rivers_micro_b, st_stairs_7,
          uniq_ijyb

Skill      XL: |  1  2  3  4  5  6 |
---------------+-------------------+-----
Dodging        | 4 5 |  5.5
Stealth        | 1 2 |  2.8
Long Blades    | 1 3 4 |  4.1
Fighting       | 2 |  2.5
Armour         | 1 |  1.2
Short Blades   | |  3.3
Throwing       | |  2.1

Action                   |  1- 3 |  4- 6 || total
-------------------------+-------+-------++-------
Melee: Rapier            |    39 |       ||    39
       Long sword        |    49 |   144 ||   193
Throw: Throwing net      |     1 |     1 ||     2
  Use: Scroll            |     5 |     4 ||     9
       Potion            |       |     3 ||     3
 Stab: Sleeping          |     2 |       ||     2
       Held in net/web   |     1 |       ||     1
Armor: Leather armour    |    16 |       ||    16
       Scale mail        |    22 |    26 ||    48
       Ring mail         |       |    32 ||    32
Dodge: Dodged            |    57 |   106 ||   163
       Rpst.: Long sword |     9 |    29 ||    38

Table legend: (Time is in decaauts)
 A = Elapsed time spent in this place.
 B = Non-inter-level travel time spent in this place.
 C = Inter-level travel time spent in this place.
 D = Time resting spent in this place.
 E = Time spent auto-exploring this place.
 F = Levels seen in this place.
 G = Mean time per level.
                   A        B        C        D        E       F      G
               +--------+--------+--------+--------+--------+-----+--------+
         Total |   3692 |   3619 |     73 |    675 |   2233 |   5 |  738.4 |
       Dungeon |   3692 |   3619 |     73 |    675 |   2233 |   5 |  738.4 |
               +--------+--------+--------+--------+--------+-----+--------+

Top non-repeatable levels by time:
     D:2: 1491 daAuts
     D:1: 786 daAuts
     D:3: 776 daAuts
     D:4: 526 daAuts
     D:5: 111 daAuts
